 Dungeon Crawl Stone Soup version 0.29-a0-91-gdebf4667c2 (webtiles) character file.

Game seed: 3111777841968204061

30200 Sweetruy1997 the Cleaver (level 13, -7/112 HPs)
             Began as a Palentonga Fighter on Feb 7, 2022.
             Was a High Priest of Qazlal.
             Mangled by a deep troll (10 damage)
             ... on level 2 of the Orcish Mines on Feb 8, 2022.
             The game lasted 00:56:20 (10868 turns).

Sweetruy1997 the Cleaver (Palentonga Fighter)      Turns: 10868, Time: 00:56:22

Health: -7/112     AC: 28    Str: 37    XL:     13   Next: 19%
Magic:  14/14      EV:  5    Int: 12    God:    Qazlal [*****.]
Gold:   1099       SH: 23    Dex: 14    Spells: 12/12 levels left

rFire   + . .      SeeInvis +   K - +6 hand axe "Seicadah" {vorpal, rElec Str+6 Dex+4}
rCold   + . .      Faith    .   q - +2 tower shield
rNeg    . . .      Spirit   .   C - +1 scale mail {rF+}
rPois   .          Reflect  .   v - +1 hat
rElec   +          Harm     .   P - +1 cloak {Will+}
rCorr   .          Rampage  .   t - +0 pair of gloves
Will    +....                   b - +0 barding of Ycrak {Str+5 Int+3 Dex-4}
Stlth   ..........              e - amulet of regeneration
HPRegen 1.08/turn               x - +6 ring of strength
MPRegen 0.14/turn               A - ring of protection from cold

@: silenced, protected from physical damage, hasted, repel missiles, curled up,
very quick
A: large, rugged brown scales 3, see invisible, deformed body, roll 1, armoured
tail, reflexive curl, mutation resistance 1, robust 1
a: Rolling Charge, Renounce Religion


You were on level 2 of the Orcish Mines.
You worshipped Qazlal.
Qazlal was extremely pleased with you.
You visited 4 branches of the dungeon, and saw 17 of its levels.
You also visited: Sewer and Gauntlet.

You collected 1099 gold pieces.

Inventory:

Hand Weapons
 a - a +1 vorpal war axe
 d - the +6 dire flail of Irphitz {vorpal, rElec rPois rN+ Int-2}
   (You took it off an ogre on level 4 of the Dungeon)

   It inflicts extra damage upon your enemies.
   Int:       It affects your intelligence (-2).
   rElec:     It insulates you from electricity.
   rPois:     It protects you from poison.
   rN:        It protects you from negative energy.
 K - the +6 hand axe "Seicadah" (weapon) {vorpal, rElec Str+6 Dex+4}
   (You found it on level 11 of the Dungeon)

   It inflicts extra damage upon your enemies.
   Str:       It affects your strength (+6).
   Dex:       It affects your dexterity (+4).
   rElec:     It insulates you from electricity.
Missiles
 k - 3 boomerangs
 D - a throwing net
 G - 6 javelins
 J - 10 silver javelins
Armour
 b - the +0 barding of Ycrak (worn) {Str+5 Int+3 Dex-4}
   (You acquired it on level 8 of the Dungeon)

   Str:       It affects your strength (+5).
   Int:       It affects your intelligence (+3).
   Dex:       It affects your dexterity (-4).
 q - a +2 tower shield (worn)
 t - a +0 pair of gloves (worn)
 v - a +1 hat (worn)
 C - a +1 scale mail of fire resistance (worn)
 P - a +1 cloak of willpower (worn)
Jewellery
 e - an amulet of regeneration (around neck)
 l - a ring of fire
 x - a +6 ring of strength (left hand)
 A - a ring of protection from cold (right hand)
Wands
 i - a wand of paralysis (6)
 p - a wand of iceblast (7)
 r - a wand of acid (6)
 y - a wand of mindburst (26)
 H - a wand of polymorph (4)
 N - a wand of digging (7)
Scrolls
 f - a scroll of enchant armour {unknown}
 g - a scroll of magic mapping
 h - 3 scrolls of fog
 n - 6 scrolls of blinking
 o - 11 scrolls of teleportation
 s - 2 scrolls of enchant weapon
 w - 2 scrolls of summoning
 B - 4 scrolls of fear
Potions
 c - a potion of cancellation
 j - 3 potions of flight
 u - 2 potions of lignification
 F - 5 potions of curing
 I - a potion of invisibility {unknown}
 M - a potion of heal wounds {unknown}
 O - a potion of resistance {unknown}
Miscellaneous
 m - a phial of floods (inert)


   Skills:
 - Level 7.0 Fighting
 + Level 12.8(14.3) Axes
 - Level 10.8(13.4) Maces & Flails
 + Level 5.8 Throwing
 - Level 6.0 Armour
 - Level 4.0 Dodging
 - Level 1.0 Stealth
 - Level 7.0 Shields
 + Level 1.4 Invocations
 - Level 3.0 Evocations


You had 12 spell levels left.
You didn't know any spells.
Your spell library contained the following spells:

 Spells                   Type           Power      Damage    Failure   Level
 Sting                    Tmut/Pois      0%         1d3       96%         1
 Poisonous Vapours        Pois/Air       0%         N/A       99%         2
 Call Canine Familiar     Summ           0%         N/A       100%        3
 Portal Projectile        Hex/Tloc       0%         N/A       100%        3
 Animate Dead             Necr           0%         N/A       100%        4
 Cause Fear               Hex            0%         N/A       100%        4
 Leda's Liquefaction      Hex/Erth       0%         N/A       100%        4
 Olgreb's Toxic Radiance  Pois           0%         N/A       100%        4
 Dragon Form              Tmut           0%         N/A       100%        7
 Haunt                    Necr/Summ      0%         N/A       100%        7
 Borgnjor's Revivificati  Necr           0%         N/A       100%        8
 Infestation              Necr           0%         N/A       100%        8
 Necromutation            Tmut/Necr      0%         N/A       100%        8
 Death's Door             Necr           0%         N/A       100%        9
 Dragon's Call            Summ           0%         N/A       100%        9


Dungeon Overview and Level Annotations

Branches:
Dungeon (13/15)            Temple (1/1) D:4            Lair (1/6) D:9
    Orc (1/2) D:11          Sewer (visited)         Gauntlet (visited)
 Vaults: D:13-14

Altars:
Ashenzari
Cheibriados
Dithmenos
Elyvilon
Fedhas
Gozag
Hepliaklqana
Kikubaaqudgha
Makhleb
Nemelex Xobeh
Okawaru
Qazlal
Ru
Sif Muna
Trog
Uskayaw
Vehumet
Wu Jian
Xom
Yredelemnul
Zin
The Shining One

Shops:
D:3 (   D:5 =   D:8 :


Innate Abilities, Weirdness & Mutations

You are completely covered in rugged brown scales. (AC +3, +7% HP)
You have supernaturally acute eyesight. (SInv)
Armour fits poorly on your strangely shaped body.
You can roll at nearby foes to attack.
You have a long armoured tail.
You curl defensively after being hit. (AC +7*)
You are somewhat resistant to further mutation.
You are robust. (+10% HP)


Message History

You slash the deep troll!
The deep troll is severely wounded.
You slash the orc!
You kill the orc!
Qazlal accepts your kill.
You slash the orc warrior! You hit the deep troll.
Your tail-slap misses the deep troll.
The deep troll is almost dead.
You barely miss the orc warrior. You hit the orc.
You kill the orc!
Qazlal accepts your kill. You block the orc warrior's attack.
You block the deep troll's attack.
The deep troll claws you but does no damage.
You block the deep troll's attack.
You hit the deep troll.
Your tail-slap misses the deep troll.
The deep troll is almost dead.
You hit the orc warrior. You block the orc warrior's attack.
The deep troll bites you but does no damage.
The deep troll claws you.
* * * LOW HITPOINT WARNING * * *
The deep troll claws you!
* * * LOW HITPOINT WARNING * * *
You feel more protected from physical attacks.
You feel better.
You hit the deep troll.
The deep troll is almost dead.
You closely miss the orc warrior. You barely miss the orc priest.
You block the orc warrior's attack. You block the deep troll's attack.
The deep troll claws you.
* * * LOW HITPOINT WARNING * * *
The deep troll claws you but does no damage.
You block the orc priest's attack.
You hit the deep troll.
The deep troll is almost dead.
You slash the orc priest! You closely miss the orc warrior.
You block the deep troll's attack. The deep troll claws you!
* * * LOW HITPOINT WARNING * * *
You feel more protected from physical attacks.
The deep troll claws you!
You die...

##. #..
... ##
##.###.##
.......#
#......##
##o))....#
#Tooo.....
##@###....
#....# ...
###○.# .
##.# ###


You could see a deep troll, 2 orc warriors and 2 orc priests.

Vanquished Creatures
  Gastronok (D:11)
  A minotaur (Gauntlet)
  2 boulder beetles (D:12)
  Erolcha (D:11)
  A hydra (D:11)
  5 two-headed ogres
  2 centaur warriors (D:13)
  A death knight (D:12)
  A sixfirhy (Gauntlet)
  2 orc knights (Orc:2)
  A harpy (shapeshifter) (D:13)
  An orc sorcerer (Orc:2)
  4 cyclopes
  2 manticores
  The ghost of siradein the Ruffian, a novice TrBe of Trog (D:4)
  An ice statue (Gauntlet)
  Maggie (D:6)
  An unseen horror (D:11)
  A kobold demonologist (D:12)
  2 rime drakes (Gauntlet)
  A komodo dragon (D:9)
  3 trolls
  5 slime creatures (D:12)
  4 centaur simulacra (Gauntlet)
  A wyvern (D:8)
  A ynoxinul (Gauntlet)
  A shadow (D:8)
  22 yaks
  2 vampires
  3 wraiths
  Grum (D:8)
  3 wargs
  Edmund (D:6)
  An acid dragon (D:10)
  2 water moccasins
  A hornet zombie (D:9)
  15 orc warriors
  2 black bears (D:6)
  2 necrophages
  17 centaurs
  2 wolves (D:8)
  9 ogres
  6 bullfrogs
  2 gnoll sergeants
  A scorpion (D:6)
  A wyvern skeleton (D:7)
  A hornet simulacrum (Gauntlet)
  A water moccasin skeleton (D:6)
  4 howler monkeys
  3 centaur zombies
  4 hounds
  2 gnoll shamans
  2 centaur skeletons (D:7)
  15 orc priests
  2 jellies
  Crazy Yiuf (D:2)
  2 bullfrog skeletons
  Jessica (D:2)
  An iguana (D:6)
  2 iron imps (Gauntlet)
  15 orc wizards
  2 killer bee zombies
  A howler monkey zombie (D:9)
  21 gnolls
  A howler monkey skeleton (D:4)
  11 adders
  2 white imps
  5 ufetubi
  3 dart slugs
  54 orcs
  16 ball pythons
  9 endoplasms
  16 giant cockroaches
  7 goblins
  8 hobgoblins
  3 jackals (D:2)
  4 kobolds
  15 quokkas
  10 bats
  17 frilled lizards
  13 rats
415 creatures vanquished.

Vanquished Creatures (others)
  6 plants
6 creatures vanquished.

Grand Total: 421 creatures vanquished

Notes
Turn   | Place    | Note
-------+----------+-------------------------------------------
     0 | D:1      | Sweetruy1997 the Palentonga Fighter began the quest for the
                  | Orb.
     0 | D:1      | Reached XP level 1. HP: 19/19 MP: 1/1
    82 | D:1      | Reached XP level 2. HP: 25/25 MP: 2/2
   292 | D:1      | Found a faded altar of an unknown god.
   489 | D:1      | Reached XP level 3. HP: 31/31 MP: 3/3
   597 | D:2      | Noticed Jessica
   603 | D:2      | Killed Jessica
   604 | D:2      | Reached XP level 4. HP: 34/37 MP: 4/4
   720 | D:2      | Reached skill level 3 in Axes
   990 | D:2      | Found a runed translucent door.
   991 | D:2      | Noticed Crazy Yiuf
   998 | D:2      | Killed Crazy Yiuf
   999 | D:2      | Reached XP level 5. HP: 30/43 MP: 5/5
  1107 | D:3      | Found a shimmering altar of Xom.
  1174 | D:3      | Found Qifru's Weapon Shop.
  1227 | D:3      | Found a glowing drain.
  1244 | Sewer    | Entered a sewer
  1328 | Sewer    | Reached skill level 4 in Axes
  1381 | Sewer    | Reached skill level 1 in Dodging
  1454 | Sewer    | Reached XP level 6. HP: 49/51 MP: 6/6
  1568 | D:3      | Found an ornate altar of the Wu Jian Council.
  1619 | D:3      | Reached skill level 5 in Axes
  1760 | D:3      | Found a snail-covered altar of Cheibriados.
  1915 | D:3      | Found an opulent altar of Gozag.
  2225 | D:4      | Found a staircase to the Ecumenical Temple.
  2243 | D:4      | Noticed a water moccasin
  2262 | D:4      | Killed a water moccasin
  2263 | D:4      | Gained mutation: You curl defensively after being hit. (AC
                  | +7*) [Palentonga growth]
  2263 | D:4      | Reached XP level 7. HP: 23/57 MP: 7/7
  2278 | Temple   | Entered the Ecumenical Temple
  2408 | Temple   | Became a worshipper of Qazlal Stormbringer
  2531 | D:4      | Noticed siradein's ghost (novice TrBe)
  2532 | D:4      | Found a transporter.
  2532 | D:4      | Identified the +6 dire flail of Irphitz {vorpal, rElec
                  | rPois rN+ Int-2}
  2734 | D:4      | Found a transporter.
  2844 | D:5      | Entered Level 5 of the Dungeon
  3014 | D:5      | Found Pynimupn's Jewellery Shoppe.
  3016 | D:5      | Reached * piety under Qazlal
  3024 | D:5      | Reached skill level 6 in Axes
  3087 | D:5      | Reached XP level 8. HP: 65/65 MP: 8/8
  3095 | D:5      | Found a sparkling altar of Nemelex Xobeh.
  3156 | D:5      | Reached skill level 1 in Throwing
  3200 | D:4      | Killed siradein's ghost
  3201 | D:4      | Reached skill level 5 in Fighting
  3201 | D:4      | Reached skill level 7 in Axes
  3592 | D:6      | Reached XP level 9. HP: 69/73 MP: 9/9
  3844 | D:6      | Noticed Maggie
  3859 | D:6      | Killed Maggie
  3917 | D:6      | Noticed Edmund
  3931 | D:6      | Killed Edmund
  3986 | D:6      | Found a white marble altar of Elyvilon.
  4682 | D:7      | Reached ** piety under Qazlal
  4830 | D:7      | Reached skill level 5 in Armour
  5033 | D:8      | Reached skill level 5 in Maces & Flails
  5033 | D:8      | Reached skill level 1 in Stealth
  5060 | D:8      | Found Gafunupn's Book Boutique.
  5154 | D:8      | Noticed Grum
  5165 | D:8      | Killed Grum
  5166 | D:8      | Reached XP level 10. HP: 58/82 MP: 10/10
  5186 | D:8      | Identified a scroll of acquirement
  5187 | D:8      | Acquired the +0 barding of Ycrak {Str+5 Int+3 Dex-4}
  5324 | D:8      | Reached *** piety under Qazlal
  5998 | D:9      | Noticed a two-headed ogre
  6002 | D:9      | Killed a two-headed ogre
  6029 | D:9      | Reached skill level 1 in Evocations
  6345 | D:9      | Found a staircase to the Lair.
  6708 | Lair:1   | Entered Level 1 of the Lair of Beasts
  6710 | Lair:1   | Noticed a cane toad
  6710 | Lair:1   | Noticed a cane toad
  6730 | D:10     | Entered Level 10 of the Dungeon
  6789 | D:10     | Reached XP level 11. HP: 84/89 MP: 11/11
  6909 | D:10     | Reached **** piety under Qazlal
  7202 | D:10     | Reached skill level 10 in Maces & Flails
  7407 | D:11     | Noticed a two-headed ogre
  7410 | D:11     | Noticed Erolcha
  7417 | D:10     | Killed a two-headed ogre
  7474 | D:11     | Noticed a six-headed hydra
  7480 | D:11     | Reached skill level 5 in Shields
  7487 | D:11     | Killed a six-headed hydra
  7588 | D:11     | Identified the +6 hand axe "Seicadah" {vorpal, rElec Str+6
                  | Dex+4}
  7701 | D:11     | Killed Erolcha
  7702 | D:11     | Reached skill level 8 in Axes
  7740 | D:11     | Noticed Gastronok
  7756 | D:11     | Killed Gastronok
  7982 | D:11     | Found a broken altar of Ashenzari.
  8045 | D:11     | Found a staircase to the Orcish Mines.
  8185 | D:11     | Gained mutation: You are robust. (+10% HP) [potion of
                  | mutation]
  8185 | D:11     | Gained mutation: You are somewhat resistant to further
                  | mutation. [potion of mutation]
  8279 | D:12     | Noticed a two-headed ogre
  8288 | D:12     | Killed a two-headed ogre
  8366 | D:12     | Reached XP level 12. HP: 88/106 MP: 12/12
  8379 | D:12     | Reached skill level 9 in Axes
  8386 | D:12     | Reached ***** piety under Qazlal
  8460 | D:12     | Noticed a boulder beetle
  8475 | D:12     | Killed a boulder beetle
  8479 | D:12     | Noticed a death knight
  8509 | D:12     | Killed a death knight
  8677 | D:12     | Identified the +0 robe of Snakes and Ladders {rElec rN+
                  | Will+}
  8726 | D:12     | Noticed a boulder beetle
  8750 | D:12     | Killed a boulder beetle
  8944 | D:12     | Reached skill level 10 in Axes
  9001 | D:12     | Noticed a two-headed ogre
  9008 | D:12     | Killed a two-headed ogre
  9173 | D:13     | Noticed a two-headed ogre
  9201 | D:13     | Noticed a centaur warrior
  9205 | D:13     | Noticed a centaur warrior
  9238 | D:13     | Found a gate leading to a gauntlet.
  9242 | Gauntlet | Entered a Gauntlet
  9242 | Gauntlet | Noticed a ghost crab
  9242 | Gauntlet | Found a transporter.
  9242 | Gauntlet | Found a transporter.
  9251 | Gauntlet | Found a transporter.
  9263 | Gauntlet | Found a transporter.
  9277 | Gauntlet | Found a transporter.
  9279 | Gauntlet | Found a large runed translucent door.
  9280 | Gauntlet | Found a large runed translucent door.
  9281 | Gauntlet | Found a large runed translucent door.
  9281 | Gauntlet | Found a large runed translucent door.
  9281 | Gauntlet | Found a runed translucent door.
  9281 | Gauntlet | Found a runed translucent door.
  9282 | Gauntlet | Found a large runed translucent door.
  9283 | Gauntlet | Found a large runed translucent door.
  9284 | Gauntlet | Found a large runed translucent door.
  9284 | Gauntlet | Found a large runed translucent door.
  9285 | Gauntlet | Found a runed translucent gate.
  9285 | Gauntlet | Found a runed translucent gate.
  9285 | Gauntlet | Found a runed translucent gate.
  9287 | Gauntlet | Found a transporter.
  9296 | Gauntlet | Found a large runed translucent door.
  9296 | Gauntlet | Found a large runed translucent door.
  9297 | Gauntlet | Found a large runed translucent door.
  9298 | Gauntlet | Found a large runed translucent door.
  9302 | Gauntlet | Found a transporter.
  9308 | Gauntlet | Found a transporter.
  9322 | Gauntlet | Found a transporter.
  9339 | Gauntlet | Found a transporter.
  9343 | Gauntlet | Found a transporter.
  9382 | Gauntlet | Found a transporter.
  9394 | Gauntlet | Found a large runed translucent door.
  9395 | Gauntlet | Found a large runed translucent door.
  9396 | Gauntlet | Found a large runed translucent door.
  9396 | Gauntlet | Found a large runed translucent door.
  9481 | Gauntlet | Reached skill level 1 in Invocations
  9534 | Gauntlet | Reached skill level 5 in Throwing
  9578 | Gauntlet | Reached skill level 11 in Axes
  9627 | Gauntlet | Noticed a minotaur
  9641 | Gauntlet | Killed a minotaur
  9713 | D:13     | Killed a two-headed ogre
  9717 | D:13     | Killed a centaur warrior
  9723 | D:13     | Killed a centaur warrior
  9902 | D:13     | Reached skill level 12 in Axes
  9997 | D:13     | Reached XP level 13. HP: 107/112 MP: 14/14
 10199 | D:13     | Identified the +0 ring mail "Puevytom" {rElec}
 10508 | Orc:1    | Entered Level 1 of the Orcish Mines
 10809 | Orc:1    | You fall into a shaft and drop 1 floor!
 10809 | Orc:2    | Entered Level 2 of the Orcish Mines
 10868 | Orc:2    | HP: 3/112 [deep troll (10)]
 10868 | Orc:2    | Mangled by a deep troll

Illustrated notes

Levels and vault maps discovered:
D:1:      scummos_arrival_forest, layout_basic,
          shapermc_ecumenical_altar_notcrosses, serial_bayou_crossing
D:2:      layout_rooms, kennysheep_generic_room_13, uniq_jessica,
          uniq_crazy_yiuf_cottage
D:3:      layout_basic, mainiacjoe_overflow_boulevard,
          grunt_temple_overflow_open, lemuel_crystal_altar,
          cheibrodos_sewer_entry_drain, serial_shops, nicolae_shop_statue_plus,
          grunt_ministairs_6, minmay_increasing_density
D:4:      layout_rooms, minmay_temple_entry_statues_pillars,
          gammafunk_ghost_smash
D:5:      layout_cave_pools, nemelex_dance_club_becter, serial_shops, shop,
          st_stairs_10
D:6:      layout_loops_ring, nicolae_elyvilon_temple_path,
          minmay_misc_feat_doors, uniq_maggie, uniq_edmund
D:7:      layout_basic
D:8:      layout_loops_cross, serial_shops, shop, grunt_ministairs_10, uniq_grum
D:9:      layout_basic, david_lair_shrubbed
D:10:     layout_roguey
D:11:     layout_cave_pools, david_orc_1_choice, ashenzari_altar_1,
          uniq_erolcha, uniq_gastronok
D:12:     layout_roguey
D:13:     layout_basic, gauntlet_entry_generic
Temple:   nicolae_temple_elliptical
Lair:1:   layout_regular_city, grunt_forest_large_clearings
Orc:1:    layout_caves
Orc:2:    grunt_orc_cross, layout_diamond_mine, serial_shops,
          nicolae_shop_waterfront, shop, nicolae_shop_trees, shop,
          guppyfry_orc_lava_fort, uniq_snorg

Skill      XL: |  1  2  3  4  5  6  7  8  9 10 11 12 |
---------------+-------------------------------------+-----
Axes           | 3 4 5 6 7 8 12 | 12.8
Armour         | 3 4 5 6 |  6.0
Dodging        | 1 2 3 4 |  4.0
Shields        | 3 4 5 7 |  7.0
Fighting       | 4 5 6 7 |  7.0
Throwing       | 1 2 3 4 5 |  5.8
Maces & Flails | 5 9 10 | 10.8
Stealth        | 1 |  1.0
Evocations     | 1 2 3 |  3.0
Invocations    | 1 |  1.4

Action                   |  1- 3 |  4- 6 |  7- 9 | 10-12 | 13-15 || total
-------------------------+-------+-------+-------+-------+-------++-------
Melee: War axe           |    74 |   240 |    83 |       |       ||   397
       Tailslap          |     4 |    25 |    38 |    84 |    12 ||   163
       Dire flail        |       |       |   145 |   190 |       ||   335
       Hand axe          |       |       |       |   291 |    84 ||   375
Throw: Boomerang         |       |    22 |    35 |    71 |    21 ||   149
       Javelin           |       |       |       |     5 |       ||     5
       Throwing net      |       |       |       |     2 |       ||     2
Invok: Elemental Force   |       |       |       |     1 |       ||     1
 Abil: Rolling Charge    |     7 |    20 |    44 |    42 |     3 ||   116
Evoke: Phial of floods   |       |       |     1 |     2 |       ||     3
       Wand              |       |       |       |    24 |       ||    24
  Use: Scroll            |     1 |     7 |     7 |    11 |     1 ||    27
       Potion            |       |     3 |     1 |     5 |     3 ||    12
 Stab: Held in net/web   |       |       |       |     1 |       ||     1
Armor: Scale mail        |    46 |   131 |    97 |   138 |    20 ||   432
Dodge: Dodged            |    25 |    83 |    54 |    71 |     6 ||   239
       Repelled          |       |       |       |     2 |       ||     2
Block: Buckler           |    14 |    52 |       |       |       ||    66
       Tower shield      |       |    26 |    81 |   268 |    85 ||   460
       Other             |       |       |    10 |    27 |       ||    37

Table legend: (Time is in decaauts)
 A = Elapsed time spent in this place.
 B = Non-inter-level travel time spent in this place.
 C = Inter-level travel time spent in this place.
 D = Time resting spent in this place.
 E = Time spent auto-exploring this place.
 F = Levels seen in this place.
 G = Mean time per level.
                   A        B        C        D        E       F      G
               +--------+--------+--------+--------+--------+-----+--------+
         Total |  11124 |  10519 |    605 |    611 |   7172 |  19 |  585.5 |
       Dungeon |   9788 |   9189 |    599 |    554 |   6476 |  13 |  752.9 |
        Temple |    179 |    173 |      6 |      0 |    156 |   1 |  179.0 |
          Lair |      5 |      5 |      0 |      0 |      1 |   1 |    5.0 |
  Orcish Mines |    349 |    349 |      0 |      0 |    213 |   2 |  174.5 |
         Sewer |    341 |    341 |      0 |      0 |    139 |   1 |  341.0 |
      Gauntlet |    459 |    459 |      0 |     57 |    187 |   1 |  459.0 |
               +--------+--------+--------+--------+--------+-----+--------+

Top non-repeatable levels by time:
    D:11: 925 daAuts
     D:9: 907 daAuts
     D:3: 904 daAuts
    D:12: 899 daAuts
     D:8: 836 daAuts
    D:13: 814 daAuts
     D:7: 783 daAuts
    D:10: 714 daAuts
     D:6: 705 daAuts
     D:4: 691 daAuts
     D:1: 611 daAuts
     D:2: 512 daAuts
     D:5: 481 daAuts
Gauntlet: 459 daAuts
   Sewer: 341 daAuts
